Map: King's Cove LE

Players

NOTAKON - Winner!

  • Race: Terran Terran
  • League: Master
  • Spawn Location: 11:00

Luneth

  • Race: Protoss Protoss
  • League: Master
  • Spawn Location: 5:00

VOD

Have the link to the VOD?

Description

Time

  • Played on: Feb. 3, 2019, 9:57 a.m.
  • Length: 24:13
Show
View Real Time Build Order
Export as new Build Order

NOTAKON Terran - Winner!

Build Orders: Reaper Expand 

Get SALT Encoding   

  12  0:01  SCV  
  13  0:13  SCV  
  14  0:18  Supply Depot  
  14  0:25  SCV  
  15  0:40  SCV  
  15  0:41  Barracks  
  16  0:45  Refinery  
  16  0:52  SCV  
  17  1:04  SCV  
  18  1:16  SCV  
  19  1:28  Reaper  
  19  1:29  Orbital Command  
  20  1:48  Command Center  
  20  1:56  SCV  
  20  2:01  Supply Depot  
  21  2:04  Barracks Reactor  
  21  2:08  SCV  
  22  2:17  Barracks  
  22  2:20  SCV  
  23  2:32  SCV  
  24  2:42  Marine x2  
  25  2:45  Barracks  
  25  2:48  SCV  
  25  2:50  Bunker  
  26  3:00  Orbital Command, Marine x2  
  26  3:03  SCV  
  29  3:09  Barracks Tech Lab  
  29  3:13  Engineering Bay  
  29  3:18  SCV  
  29  3:19  Marine  
  30  3:20  Marine  
  30  3:26  SCV  
  33  3:27  Marine  
  33  3:30  Stimpack  
  33  3:33  SCV  
  35  3:41  SCV  
  36  3:43  Barracks Tech Lab  
  36  3:46  SCV  
  37  3:51  Marine x3  
  37  3:53  SCV  
  41  4:01  Combat Shield  
  42  4:04  Terran Infantry Weapons Level 1  
  42  4:09  Marauder, Supply Depot  
  43  4:10  SCV x2, Supply Depot  
  43  4:14  Marine  
  46  4:25  Supply Depot  
  46  4:30  SCV x2, Marine  
  46  4:31  Marauder x2  
  53  4:34  Missile Turret  
  53  4:35  Marine  
  54  4:42  SCV x2  
  56  4:48  Supply Depot  
  56  4:50  Marine, Supply Depot  
  56  4:52  Marauder x2  
  61  4:54  SCV  
  61  4:56  Marine  
  61  4:58  SCV  
  64  5:00  Refinery  
  64  5:07  SCV  
  65  5:11  Marine  
  65  5:12  SCV  
  65  5:13  Marauder, Marine  
  69  5:18  Refinery  
  69  5:19  Refinery, SCV  
  69  5:20  Marine  
  71  5:25  SCV  
  72  5:29  Marine  
  72  5:30  Supply Depot  
  72  5:31  SCV, Marine  
  72  5:32  Factory  
  72  5:34  Marine  
  76  5:36  Concussive Shells  
  76  5:37  SCV  
  76  5:38  Marine  
  78  5:43  SCV  
  78  5:46  Barracks  
  78  5:47  Marine, Barracks  
  78  5:49  SCV, Marine  
  82  5:55  SCV  
  82  5:56  Supply Depot  
  83  5:57  Supply Depot  
  83  6:06  Marine x3  
  83  6:10  SCV  
  83  6:11  Terran Infantry Armor Level 1, SCV  
  81  6:20  Marauder  
  81  6:23  SCV x2  
  81  6:24  Marine x2  
  81  6:25  Marauder  
  74  6:33  Factory Reactor  
  74  6:35  Starport, Barracks Reactor  
  74  6:36  Barracks Tech Lab  
  70  6:41  Marauder  
  70  6:46  Marauder  
  74  6:49  Starport, SCV x2  
  74  6:53  Barracks Reactor  
  76  6:57  Marauder  
  76  7:03  Marauder  
  76  7:07  Marauder  
  80  7:13  Marine  
  80  7:14  SCV  
  80  7:15  SCV  
  83  7:18  Marauder  
  83  7:22  Command Center  
  85  7:23  Medivac x2  
  85  7:24  Marauder  
  85  7:26  SCV  
  85  7:28  Armory, Marine  
  85  7:29  Marauder, Medivac  
  97  7:31  SCV  
  98  7:38  SCV  
  98  7:43  Marine, Supply Depot  
  98  7:44  Marauder  
  97  7:46  SCV  
  97  7:49  Marauder, Marine  
  92  7:54  Marauder, Marine x2  
  92  7:57  SCV, Medivac  
  94  8:01  Marine  
  94  8:05  Marauder  
  95  8:07  Marine  
  95  8:08  SCV  
  95  8:09  SCV  
  95  8:11  Marauder, Marine  
  101  8:17  Marauder, Marine  
  101  8:18  Viking  
  106  8:24  Viking  
  108  8:27  Viking  
  110  8:38  Terran Infantry Weapons Level 2  
  110  8:39  Marauder x2  
  110  8:41  Supply Depot  
  114  8:42  SCV  
  114  8:47  Supply Depot  
  115  8:49  Supply Depot  
  115  8:50  SCV  
  115  8:52  Viking  
  118  8:57  Orbital Command  
  118  8:59  Marauder  
  120  9:02  Viking  
  120  9:05  Viking  
  120  9:09  Viking  
  126  9:11  SCV  
  126  9:14  Marine  
  126  9:15  Marauder  
  127  9:18  Marauder  
  127  9:19  SCV  
  130  9:25  Marauder, SCV, Marine  
  134  9:33  SCV x2  
  134  9:36  Refinery  
  134  9:37  SCV  
  137  9:43  Marauder  
  137  9:44  Marine  
  137  9:45  SCV x2, Viking  
  147  9:47  Viking x2  
  147  9:50  Refinery  
  147  9:51  Marauder  
  150  9:53  SCV  
  150  9:57  Viking  
  153  10:03  Marauder  
  153  10:04  SCV  
  156  10:10  Supply Depot  
  156  10:14  Marine  
  157  10:31  Marauder, Marine  
  157  10:32  Marauder, Widow Mine, Viking, Marine  
  157  10:33  Liberator x2  
  157  10:35  Ghost Academy  
  165  10:39  SCV  
  165  10:41  Marauder  
  162  10:43  Marine x2  
  162  10:44  SCV  
  162  10:45  SCV  
  151  10:51  Viking, Marine x2  
  151  10:52  Marauder, SCV  
  151  10:53  Marauder  
  159  10:58  SCV  
  159  11:01  Marine x2  
  159  11:02  Marauder  
  159  11:03  Factory Tech Lab  
  164  11:05  SCV  
  164  11:09  Terran Infantry Armor Level 2  
  165  11:13  Liberator x2, SCV  
  165  11:16  Liberator  
  158  11:24  Marauder, Marine x2  
  151  11:26  Marine  
  151  11:27  Marauder  
  163  11:42  Command Center  
  155  11:49  Medivac  
  155  11:53  Ghost x2  
  155  11:54  Marine  
  160  11:55  Marine  
  160  11:56  SCV  
  160  11:57  SCV x2  
  164  12:02  Marine  
  165  12:11  Supply Depot x2  
  165  12:16  Starport  
  165  12:17  Fusion Core  
  165  12:21  Missile Turret  
  165  12:22  Supply Depot  
  165  12:23  SCV, Medivac, Ghost  
  165  12:24  Supply Depot  
  165  12:27  Medivac  
  172  12:32  Medivac, Missile Turret  
  172  12:34  SCV  
  172  12:36  Terran Ship Weapons Level 1  
  176  12:38  Widow Mine  
  176  12:40  Drilling Claws  
  176  12:42  SCV  
  178  12:44  Refinery  
  178  12:45  Marine  
  178  12:46  Marine x2  
  178  12:47  Refinery  
  183  12:56  Planetary Fortress  
  182  13:02  Starport Tech Lab  
  181  13:09  Missile Turret  
  181  13:10  Liberator x2  
  181  13:11  Command Center  
  183  13:13  Widow Mine, Missile Turret  
  183  13:16  Ghost  
  185  13:28  Advanced Ballistics  
  193  13:34  Widow Mine  
  193  13:38  Liberator  
  193  13:39  Command Center  
  193  13:44  Sensor Tower  
  193  13:46  SCV  
  194  13:48  Terran Infantry Weapons Level 3  
  199  13:55  Widow Mine  
  199  14:06  Smart Servos  
  199  14:15  Marine  
  200  14:29  Barracks  
  200  14:30  Barracks  
  200  14:32  Barracks  
  199  14:48  Marine  
  200  14:59  Liberator x2  
  162  15:08  Liberator x2  
  162  15:12  Marauder, Marine x2  
  145  15:17  Marine x2  
  145  15:18  Marauder  
  127  15:23  Orbital Command  
  127  15:24  Marauder  
  131  15:29  Marine  
  131  15:30  Marine  
  131  15:32  SCV x3  
  131  15:33  Barracks Tech Lab, Marine  
  131  15:34  Barracks Tech Lab, Barracks Reactor  
  131  15:35  Planetary Fortress, Marine  
  137  15:37  Liberator, Missile Turret  
  137  15:40  Missile Turret  
  137  15:42  Marine  
  140  15:43  Marauder  
  140  15:44  SCV x2  
  140  15:45  SCV  
  140  15:49  Liberator, SCV, Marine x2  
  147  15:50  Liberator  
  147  15:54  Liberator, Widow Mine  
  147  15:56  SCV x2  
  150  15:59  Marauder, Marine x2  
  150  16:02  Marine  
  150  16:03  Marauder x2  
  150  16:04  Factory, Marine, Ghost Academy  
  160  16:07  Marine  
  160  16:08  SCV  
  160  16:09  SCV x3  
  174  16:15  Refinery  
  174  16:16  Missile Turret  
  174  16:17  Marauder  
  176  16:20  Marauder  
  176  16:22  Bunker  
  178  16:25  Terran Infantry Armor Level 3  
  178  16:26  Supply Depot  
  178  16:28  Terran Ship Weapons Level 2  
  178  16:37  Refinery  
  178  16:39  Ghost  
  178  16:40  Marine  
  178  16:43  Liberator x2  
  181  16:48  Ghost x2  
  181  16:49  Marine x2  
  181  16:50  Marine x5, Missile Turret  
  190  16:54  Widow Mine  
  190  16:55  Factory Reactor  
  190  16:59  Missile Turret x2  
  198  17:02  Marine  
  198  17:07  Marine  
  200  17:13  Command Center  
  200  17:15  Personal Cloaking  
  200  17:22  Missile Turret  
  200  17:40  Command Center  
  200  17:44  Command Center  
  199  18:26  Marine, Missile Turret, Ghost  
  199  18:27  Marine  
  197  18:36  Marine x2, Ghost  
  197  18:39  Liberator  
  195  18:41  SCV x3  
  195  18:48  SCV x2  
  195  18:51  Refinery  
  195  18:57  Orbital Command  
  195  19:02  Command Center, Neosteel Armor  
  198  19:08  Missile Turret  
  198  19:09  Missile Turret  
  198  19:10  Missile Turret  
  198  19:12  Terran Ship Weapons Level 3  
  200  19:17  Widow Mine  
  200  19:26  Command Center  
  191  19:41  Refinery  
  191  19:44  Refinery  
  173  19:55  Liberator x3, Marine  
  173  19:56  Marauder, Marine x2  
  173  19:57  Liberator x2, Marauder  
  155  20:01  Widow Mine  
  155  20:05  Marine  
  155  20:06  Marauder x2, Marine x3  
  165  20:08  Widow Mine x2  
  165  20:13  Marine x2  
  180  20:14  Marine  
  180  20:17  Marauder, Marine  
  190  20:23  Widow Mine, Marine, Ghost  
  190  20:24  Planetary Fortress, Marine  
  190  20:27  Missile Turret  
  190  20:28  Missile Turret  
  196  20:29  Widow Mine x2  
  200  20:39  Orbital Command  
  200  20:42  Hi-Sec Auto Tracking  
  200  21:21  Liberator x2, Ghost  
  200  21:22  Marine  
  200  21:23  Barracks Tech Lab, Barracks Reactor  
  184  21:34  Marauder, Marine x2  
  184  21:35  Liberator  
  184  21:36  Marine  
  184  21:37  Marauder x2, SCV  
  184  21:39  Marine  
  173  21:46  Marauder  
  172  21:50  Marine  
  172  21:52  Marine x2  
  172  21:53  SCV  
  170  21:54  Marine  
  170  21:56  Marauder  
  170  21:57  Marine  
  170  21:58  Marauder  
  170  21:59  Marauder  
  165  22:06  Marine  
  165  22:07  Marine x2  
  170  22:08  Marauder  
  170  22:11  Siege Tank  
  173  22:16  Planetary Fortress  
  173  22:17  Marauder  
  173  22:19  Marine x2  
  171  22:25  SCV  
  171  22:27  Liberator  
  172  22:30  Ghost  
  172  22:31  Orbital Command  
  172  22:36  Liberator  
  174  22:38  Refinery, Marine x2  
  174  22:39  Marauder, Refinery  
  174  22:40  Ghost  
  183  22:54  Command Center  
  186  23:00  Marauder, Marine x2  
  186  23:04  Liberator x2  
  190  23:06  Marine x2  
  190  23:07  Marauder  
  193  23:15  Marauder, Marine x2  
  193  23:18  Widow Mine  
  199  23:26  Marauder, Marine  
  200  23:32  Missile Turret  
  200  23:43  Missile Turret  
Show
View Real Time Build Order
Export as new Build Order

Luneth Protoss 

Build Orders: 1 Gate Expand, Blink Stalkers, Colossus Rush 

Get SALT Encoding   

  12  0:00  Probe  
  13  0:13  Probe  
  14  0:18  Pylon  
  14  0:25  Probe  
  15  0:33  Probe  
  15  0:40  Gateway  
  15  0:42  Probe  
  16  0:48  Assimilator  
  17  0:54  Probe  
  18  1:06  Probe  
  19  1:18  Probe  
  20  1:25  Nexus  
  20  1:37  Cybernetics Core  
  20  1:41  Probe  
  20  1:48  Assimilator  
  20  1:51  Pylon  
  20  1:55  Probe  
  21  2:03  Adept  
  21  2:07  Probe  
  22  2:14  Warp Gate  
  24  2:19  Probe  
  25  2:31  Probe, Twilight Council  
  25  2:43  Probe x2  
  27  2:50  Gateway  
  27  2:53  Probe  
  27  2:55  Probe  
  29  3:02  Probe  
  29  3:03  Probe  
  29  3:07  Blink  
  29  3:10  Probe  
  31  3:16  Probe  
  31  3:19  Robotics Facility  
  33  3:22  Probe  
  33  3:25  Probe  
  34  3:33  Probe  
  34  3:34  Probe  
  37  3:46  Probe  
  38  3:52  Probe  
  38  3:53  Assimilator  
  37  3:58  Probe  
  37  4:01  Pylon  
  38  4:03  Stalker x2  
  38  4:04  Probe  
  38  4:07  Assimilator  
  43  4:10  Probe  
  43  4:12  Robotics Bay  
  43  4:16  Probe  
  45  4:18  Gateway  
  45  4:22  Probe  
  46  4:25  Pylon  
  46  4:28  Probe, Sentry  
  46  4:29  Stalker  
  51  4:34  Probe  
  52  4:40  Probe, Observer  
  52  4:41  Shield Battery  
  54  4:46  Probe  
  54  4:52  Probe  
  56  4:55  Colossus  
  56  5:00  Pylon  
  62  5:08  Pylon  
  62  5:10  Forge  
  62  5:18  Probe x2  
  62  5:20  Stalker x2  
  62  5:21  Stalker  
  70  5:24  Pylon  
  70  5:30  Probe x2  
  72  5:38  Pylon  
  72  5:40  Pylon  
  72  5:42  Probe x2  
  74  5:47  Protoss Ground Weapons Level 1, Colossus  
  74  5:54  Probe  
  81  5:57  Pylon  
  81  6:01  Sentry x3  
  87  6:05  Pylon  
  80  6:24  Stalker  
  78  6:25  Stalker  
  78  6:26  Stalker  
  74  6:34  Warp Prism  
  74  6:38  Probe  
  77  6:48  Sentry  
  77  6:50  Nexus, Sentry x2  
  77  6:51  Pylon  
  77  6:53  Probe  
  83  6:55  Probe  
  83  6:59  Gateway  
  84  7:05  Probe  
  84  7:07  Probe  
  86  7:10  Gateway  
  86  7:13  Gateway  
  87  7:16  Colossus  
  87  7:17  Probe  
  87  7:19  Probe  
  94  7:29  Probe  
  95  7:31  Probe  
  95  7:32  Stalker  
  95  7:33  Stalker x2  
  102  7:41  Probe  
  97  7:45  Forge  
  91  7:57  Probe  
  92  8:00  Colossus  
  92  8:05  Protoss Ground Weapons Level 2  
  86  8:14  Sentry x2  
  86  8:15  Probe  
  86  8:19  Charge, Protoss Ground Armor Level 1  
  91  8:20  Probe, Assimilator  
  91  8:22  Assimilator  
  91  8:25  Zealot x4  
  100  8:33  Probe  
  101  8:34  Pylon  
  101  8:39  Photon Cannon, Shield Battery  
  101  8:41  Probe  
  102  8:45  Zealot x2  
  102  8:46  Zealot x2  
  102  8:48  Probe  
  111  8:49  Probe  
  111  8:52  Pylon  
  111  8:55  Disruptor  
  112  8:56  Extended Thermal Lance, Templar Archives  
  115  9:18  Zealot x3  
  115  9:19  Zealot x2  
  121  9:25  Disruptor  
  121  9:26  Psionic Storm  
  121  9:30  Probe  
  116  9:37  High Templar  
  119  9:39  High Templar  
  119  9:40  Zealot x4  
  129  9:46  Gateway  
  129  9:48  Gateway  
  129  9:49  Gateway  
  129  9:59  Pylon  
  129  10:00  Disruptor  
  129  10:01  Nexus  
  132  10:08  Zealot x4  
  131  10:37  Zealot x4  
  131  10:42  Protoss Ground Weapons Level 3  
  125  10:47  Protoss Ground Armor Level 2  
  125  10:49  Archon  
  88  11:01  Zealot x6  
  88  11:02  Zealot x3  
  106  11:07  Immortal  
  93  11:26  Zealot x6  
  93  11:27  Zealot x3  
  104  11:34  Probe  
  104  11:36  Gateway  
  105  11:40  Gateway  
  105  11:42  Gateway  
  105  11:45  Immortal  
  99  11:50  Zealot x5  
  99  11:51  Zealot x4  
  111  12:12  High Templar x4  
  111  12:14  Nexus, High Templar x2  
  123  12:16  Stargate  
  123  12:18  Warp Prism  
  123  12:21  Dark Shrine  
  123  12:27  High Templar x2  
  129  12:31  Archon  
  129  12:34  Probe  
  130  12:38  Pylon  
  130  12:45  Assimilator  
  130  12:48  Warp Prism  
  130  12:52  Assimilator  
  130  12:54  Zealot x4  
  130  12:57  Protoss Shields Level 1  
  141  12:59  Protoss Ground Armor Level 3  
  141  13:03  Oracle  
  143  13:15  Pylon  
  143  13:24  Warp Prism  
  145  13:40  Pylon  
  143  13:48  Gravitic Drive  
  141  13:52  Photon Cannon  
  141  13:53  Pylon  
  141  13:54  Photon Cannon  
  141  13:55  Photon Cannon  
  138  14:06  Pylon  
  137  14:13  Dark Templar x6  
  137  14:15  Oracle  
  149  14:21  High Templar x3  
  149  14:22  High Templar  
  157  14:28  Disruptor  
  153  14:50  Zealot x3, Archon  
  153  14:51  Archon x2  
  153  14:52  Zealot x2  
  151  14:53  Zealot x3  
  128  15:08  Stalker x4  
  128  15:10  Archon  
  112  15:22  Warp Prism  
  116  15:34  Nexus  
  114  15:42  Probe, Robotics Facility  
  104  15:58  Observer  
  105  16:09  High Templar x4  
  105  16:10  High Templar x2  
  117  16:16  Pylon  
  117  16:20  Pylon  
  117  16:23  Observer  
  118  16:26  Oracle  
  118  16:29  Stalker x6  
  133  16:45  Observer, Nexus  
  134  16:59  Assimilator  
  134  17:00  Zealot x5  
  134  17:01  Zealot x4  
  146  17:02  Zealot x2  
  146  17:03  Oracle  
  146  17:08  Warp Prism  
  161  17:12  Gravitic Boosters  
  161  17:14  Observer  
  162  17:17  Protoss Shields Level 2  
  162  17:29  Shadow Stride  
  162  17:30  Assimilator  
  162  17:38  Pylon  
  162  17:41  Dark Templar x4  
  162  17:42  Dark Templar x3  
  177  17:44  Observer  
  177  17:53  Oracle  
  180  18:17  Zealot x3  
  180  18:18  Zealot x4  
  192  18:20  Probe  
  187  18:37  Probe  
  187  18:38  Observer x2  
  166  18:51  Warp Prism x2  
  167  19:17  Dark Templar x4  
  167  19:18  Dark Templar x4  
  183  19:25  Observer  
  183  19:29  Warp Prism x2  
  185  19:36  Archon x2  
  101  20:06  Zealot x2  
  101  20:07  Zealot x7  
  97  20:08  Zealot x3  
  97  20:13  Protoss Shields Level 3  
  115  20:22  Colossus x2  
  115  20:24  Nexus  
  115  20:27  Pylon  
  127  20:29  Pylon  
  127  20:39  Stalker x3  
  133  20:53  Zealot x2  
  133  20:54  Zealot x5  
  133  20:55  Zealot x2  
  147  21:09  Stalker x3  
  137  21:21  Stalker x4  
  137  21:22  Stalker x2  
  137  21:23  Stalker x3  
  100  21:41  Zealot x3  
  100  21:45  Zealot x2  
  108  21:47  Zealot x3, Observer  
  108  21:48  Zealot  
  104  21:54  Stalker  
  104  21:55  Stalker x2  
  106  22:06  Observer x2  
  106  22:11  Stalker x7  
  106  22:12  Stalker x2  
  124  22:25  Colossus  
  124  22:27  Oracle  
  124  22:34  High Templar x2  
  124  22:35  Colossus  
  143  22:39  Dark Templar x3  
  143  22:40  Dark Templar x5  
  159  22:51  Assimilator  
  159  22:53  Assimilator  
  159  23:04  Oracle, Assimilator  
  153  23:05  Assimilator  
  141  23:33  Stalker x5  
  145  23:34  Zealot x2  
  145  23:35  Zealot x3  
  147  23:46  Zealot x2  
Tags
 
Add a new tag
Caveats
  • Supply blocks, unpowered buildings, or Contaminate may cause inaccurate times.
  • Supply counts are checked every 10 seconds.